Map: 2000 Atmospheres LE

Players

SergeantMeow

  • Race: Zerg Zerg

Nickname - Winner!

  • Race: Zerg Zerg
  • League: Master

VOD

Have the link to the VOD?

Description

Time

  • Played on: July 21, 2021, 9:06 a.m.
  • Length: 5:01
Show
View Real Time Build Order
Export as new Build Order

SergeantMeow Zerg 

Build Orders: Pool First 

Get SALT Encoding   

  12  0:17  Spawning Pool  
  11  0:23  Drone  
  11  0:26  Drone  
  13  0:30  Drone  
  14  0:40  Overlord  
  14  1:04  Zergling x4  
  14  1:06  Zergling x2  
  17  1:15  Hatchery  
  16  1:22  Zergling x2  
  17  1:27  Zergling x2  
  18  1:35  Queen  
  20  1:42  Drone  
  21  1:49  Overlord  
  21  2:02  Drone  
  22  2:11  Drone, Queen  
  25  2:16  Extractor  
  25  2:22  Drone  
  25  2:28  Drone  
  26  2:32  Drone  
  27  2:38  Drone  
  27  2:40  Queen  
  30  2:46  Drone x2  
  30  2:48  Drone  
  33  2:52  Drone  
  33  2:57  Overlord  
  34  3:06  Overlord  
  34  3:13  Drone x2  
  36  3:23  Metabolic Boost  
  36  3:27  Drone x3  
  36  3:28  Drone x2  
  41  3:42  Drone x3  
  41  3:43  Roach Warren  
  43  3:51  Evolution Chamber  
  42  4:05  Overlord x2  
  42  4:10  Drone x4  
  42  4:17  Overlord  
  46  4:20  Zergling x8  
  50  4:24  Zergling x2  
  50  4:27  Extractor  
  50  4:35  Zergling x4  
  52  4:41  Zergling x6  
Show
View Real Time Build Order
Export as new Build Order

Nickname Zerg - Winner!

Build Orders: Pool First 

Get SALT Encoding   

  12  0:16  Spawning Pool  
  11  0:21  Drone  
  11  0:26  Drone  
  13  0:30  Drone  
  14  0:41  Overlord  
  14  1:04  Zergling x4  
  16  1:05  Zergling x2  
  17  1:14  Hatchery  
  16  1:18  Zergling x2  
  17  1:27  Zergling x2  
  18  1:34  Queen  
  20  1:40  Zergling x2  
  21  1:48  Overlord  
  21  1:59  Drone  
  22  2:02  Extractor  
  21  2:10  Queen  
  21  2:12  Drone  
  24  2:20  Drone  
  25  2:26  Drone  
  26  2:33  Drone  
  27  2:43  Overlord  
  27  2:44  Drone  
  27  2:45  Drone x2  
  27  2:46  Drone  
  31  3:10  Metabolic Boost  
  31  3:15  Hatchery  
  30  3:23  Queen  
  32  3:30  Overlord  
  32  3:41  Zergling x2  
  32  3:42  Zergling x8  
  37  3:51  Baneling Nest  
  36  3:58  Zergling x8  
  38  4:07  Zergling x2  
  38  4:08  Zergling x4  
  41  4:21  Zergling x2  
  41  4:22  Zergling x8  
  46  4:28  Zergling x4  
  48  4:35  Overlord  
  47  4:44  Zergling x4  
  49  4:47  Baneling x2  
Tags
 
Add a new tag
Caveats
  • Supply blocks, unpowered buildings, or Contaminate may cause inaccurate times.
  • Supply counts are checked every 10 seconds.